 Dungeon Crawl Stone Soup version 0.27-a0-1136-g0b992a5a9d (webtiles) character file.

Game seed: 5604208581779936517

445 Morbidden the Sneak (level 6, 0/48 HPs)
             Began as a Demonspawn Brigand on May 5, 2021.
             Succumbed to an orc's poison
             ... on level 3 of the Dungeon.
             The game lasted 00:04:49 (4281 turns).

Morbidden the Sneak (Demonspawn Brigand)            Turns: 4281, Time: 00:04:49

Health: 0/48       AC: 14    Str: 19    XL:     6   Next: 72%
Magic:  10/10      EV:  7    Int: 13    God:
Gold:   87         SH:  0    Dex: 14    Spells: 11/11 levels left

rFire    . . .     SeeInvis .   a - +2 dagger
rCold    . . .     Faith    .   j - +0 buckler
rNeg     . . .     Spirit   .   p - +0 chain mail
rPois    .         Reflect  .   (no helmet)
rElec    .         Harm     .   c - +0 cloak
rCorr    .         Rampage  .   (no gloves)
Will     .....                  o - +0 pair of boots
Stlth    ..........             (no amulet)
HPRegen  0.16/turn              h - +6 ring of strength
MPRegen  0.12/turn              (no ring)

@: confused, mighty, lethally poisoned (0 -> -27), ambrosia-drunk
A: talons 1, thin metallic scales 2, ignite blood 2
a: no special abilities


You were on level 3 of the Dungeon.
You visited 1 branch of the dungeon, and saw 3 of its levels.

You collected 87 gold pieces.

Inventory:

Hand Weapons
 a - a +2 dagger (weapon)
 s - a +0 hunting sling
Missiles
 l - 30 sling bullets
Armour
 c - a +0 cloak (worn)
 j - a +0 buckler (worn)
 o - a +0 pair of boots (worn)
 p - a +0 chain mail (worn)
Jewellery
 h - a +6 ring of strength (left hand)
Scrolls
 g - a scroll of teleportation
 k - a scroll of enchant armour {unknown}
 m - a scroll of identify {unknown}
 q - a scroll of silence {unknown}
Potions
 d - 2 potions of flight
 r - a potion of resistance {unknown}


   Skills:
 * Level 4.1 Fighting
 + Level 3.5(3.9) Short Blades
 * Level 2.5(3.4) Long Blades
 + Level 1.4(2.1) Axes
 + Level 1.4(2.1) Maces & Flails
 + Level 1.4(2.1) Polearms
 + Level 1.4(2.1) Staves
 + Level 1.4(2.3) Slings
 + Level 1.4 Bows
 + Level 1.4 Crossbows
 + Level 2.8(3.0) Throwing
 + Level 2.2 Armour
 + Level 2.1 Dodging
 + Level 5.0 Stealth
 + Level 1.6 Shields
 + Level 1.4 Unarmed Combat
 * Level 3.0 Spellcasting
 + Level 1.6 Conjurations
 + Level 1.9 Hexes
 + Level 1.6 Summonings
 + Level 1.8 Necromancy
 + Level 1.4 Translocations
 + Level 1.4 Transmutations
 + Level 1.7 Fire Magic
 + Level 1.4 Ice Magic
 + Level 1.4 Air Magic
 + Level 1.4 Earth Magic
 + Level 1.6 Poison Magic
 + Level 2.2 Invocations
 + Level 1.6 Evocations


You had 11 spell levels left.
You didn't know any spells.
Your spell library was empty.

Dungeon Overview and Level Annotations

Branches:
Dungeon (3/15)

Altars:

Annotations:
D:2 1 runed translucent door, Crazy Yiuf


Innate Abilities, Weirdness & Mutations

You have sharp toenails.
You are mostly covered in thin metallic scales. (AC +3)
Your demonic aura often causes spilled blood to erupt in flames


Message History

Your Evocations skill increases to level 1!
You have reached level 6!
Your experience leads to an increase in your attributes!
Your base attributes are Str 12, Int 13, Dex 14.
Increase (S)trength, (I)ntelligence, or (D)exterity?
You feel stronger.
Your demonic ancestry asserts itself...
Your blood runs red-hot!
You feel sick. The giant cockroach closely misses you.
The orc hits you but does no damage.
You are lethally poisoned!
The giant cockroach bites you but does no damage.
Unknown command.
Your library has no spells.
Unknown command.
Unknown command.
It was a potion of cancellation.
You feel magically purged.
* * * LOW HITPOINT WARNING * * *
You feel very sick. You block the orc's attack.
The giant cockroach bites you but does no damage.
Unknown command.
Unknown command.
It was a potion of magic.
Magic courses through your body.
* * * LOW HITPOINT WARNING * * *
You feel sick. The orc hits you but does no damage.
You are more poisoned.
The giant cockroach bites you but does no damage.
Unknown command.
It was a potion of might.
You feel very mighty all of a sudden.
* * * LOW HITPOINT WARNING * * *
You feel very sick. The giant cockroach barely misses you.
The orc hits you with a +1 war axe of venom.
* * * LOW HITPOINT WARNING * * *
You are more poisoned.
It was a potion of ambrosia.
You are confused.
You feel invigorated.
You die...

............#.#..#.....###
......[....##....####.(..#
.............##.....##((.###
...........................####
..#...........## ###..#.......##
..#.#.##.......######.#...(....##
..#.#.##....##.....##..####((....
....#..##..#.###...........#..#
##.#...####...B@oK.(........[...
#.#..# ###.#######.......#... #
#.. #..# #.......#... .... ##...
#.......#... ..# ##. #########...
#... ####


You could see an orc, a giant cockroach and a kobold.

Vanquished Creatures
  An orc priest (D:3)
  Jessica (D:3)
  Terence (D:2)
  Natasha (thrice) (D:2)
  2 adders (D:2)
  A dart slug (D:3)
  2 orcs
  5 ball pythons
  6 bats
  4 endoplasms
  3 giant cockroaches (D:1)
  4 goblins
  3 hobgoblins
  3 jackals (D:1)
  3 quokkas (D:2)
  5 frilled lizards
  2 kobolds
  5 rats
54 creatures vanquished.

Notes
Turn   | Place    | Note
-------+----------+-------------------------------------------
     0 | D:1      | Morbidden the Demonspawn Brigand began the quest for the
                  | Orb.
     0 | D:1      | Reached XP level 1. HP: 16/16 MP: 1/1
   154 | D:1      | Gained mutation: You are partially covered in thin metallic
                  | scales. (AC +2) [demonic ancestry]
   154 | D:1      | Reached XP level 2. HP: 15/22 MP: 2/2
   274 | D:1      | Reached skill level 4 in Stealth
   699 | D:1      | Found a faded altar of an unknown god.
  1041 | D:2      | Found a runed translucent door.
  1042 | D:2      | Noticed Crazy Yiuf
  1160 | D:2      | Gained mutation: You have sharp toenails. [demonic
                  | ancestry]
  1160 | D:2      | Reached XP level 3. HP: 27/27 MP: 4/4
  1202 | D:2      | Noticed Terence
  1223 | D:2      | Killed Terence
  1224 | D:2      | Reached skill level 1 in Spellcasting
  1837 | D:2      | Gained mutation: Your demonic aura sometimes causes spilled
                  | blood to erupt in flames [demonic ancestry]
  1837 | D:2      | Reached XP level 4. HP: 33/34 MP: 5/5
  2042 | D:2      | Noticed Natasha
  2047 | D:2      | Killed Natasha
  2048 | D:2      | Reached skill level 1 in Dodging
  2395 | D:2      | Noticed Natasha
  2422 | D:2      | Killed Natasha
  2950 | D:2      | Noticed Natasha
  2972 | D:2      | Killed Natasha
  2973 | D:2      | Gained mutation: You are mostly covered in thin metallic
                  | scales. (AC +3) [demonic ancestry]
  2973 | D:2      | Reached XP level 5. HP: 30/40 MP: 5/7
  3646 | D:2      | Reached skill level 1 in Armour
  3767 | D:3      | Noticed Jessica
  4127 | D:3      | Killed Jessica
  4277 | D:3      | Reached skill level 1 in Axes
  4277 | D:3      | Reached skill level 1 in Maces & Flails
  4277 | D:3      | Reached skill level 1 in Polearms
  4277 | D:3      | Reached skill level 1 in Staves
  4277 | D:3      | Reached skill level 1 in Slings
  4277 | D:3      | Reached skill level 1 in Bows
  4277 | D:3      | Reached skill level 1 in Crossbows
  4277 | D:3      | Reached skill level 5 in Stealth
  4277 | D:3      | Reached skill level 1 in Shields
  4277 | D:3      | Reached skill level 1 in Unarmed Combat
  4277 | D:3      | Reached skill level 1 in Conjurations
  4277 | D:3      | Reached skill level 1 in Hexes
  4277 | D:3      | Reached skill level 1 in Summonings
  4277 | D:3      | Reached skill level 1 in Necromancy
  4277 | D:3      | Reached skill level 1 in Translocations
  4277 | D:3      | Reached skill level 1 in Transmutations
  4277 | D:3      | Reached skill level 1 in Fire Magic
  4277 | D:3      | Reached skill level 1 in Ice Magic
  4277 | D:3      | Reached skill level 1 in Air Magic
  4277 | D:3      | Reached skill level 1 in Earth Magic
  4277 | D:3      | Reached skill level 1 in Poison Magic
  4277 | D:3      | Reached skill level 1 in Evocations
  4277 | D:3      | Gained mutation: Your demonic aura often causes spilled
                  | blood to erupt in flames [demonic ancestry]
  4277 | D:3      | Reached XP level 6. HP: 12/48 MP: 7/10
  4280 | D:3      | HP: 2/48 [orc/+1 war axe of venom (2)]
  4281 | D:3      | Succumbed to an orc's poison

Illustrated notes

Levels and vault maps discovered:
D:1:      ncdulo_lavacross, layout_loops_ring,
          shapermc_ecumenical_altar_notcrosses
D:2:      layout_loops_corners, uniq_terence, uniq_crazy_yiuf_cottage,
          uniq_natasha
D:3:      layout_rooms, uniq_jessica, uniq_sigmund

Skill      XL: |  1  2  3  4  5 |
---------------+----------------+-----
Stealth        | 4 5 |  5.0
Short Blades   | 2 3 |  3.5
Throwing       | 2 |  2.8
Spellcasting   | 1 3 |  3.0
Dodging        | 1 2 |  2.1
Armour         | 2 |  2.2
Fighting       | 4 |  4.1
Long Blades    | 2 |  2.5
Axes           | 1 |  1.4
Maces & Flails | 1 |  1.4
Polearms       | 1 |  1.4
Staves         | 1 |  1.4
Slings         | 1 |  1.4
Bows           | 1 |  1.4
Crossbows      | 1 |  1.4
Shields        | 1 |  1.6
Unarmed Combat | 1 |  1.4
Conjurations   | 1 |  1.6
Hexes          | 1 |  1.9
Summonings     | 1 |  1.6
Necromancy     | 1 |  1.8
Translocations | 1 |  1.4
Transmutations | 1 |  1.4
Fire Magic     | 1 |  1.7
Ice Magic      | 1 |  1.4
Air Magic      | 1 |  1.4
Earth Magic    | 1 |  1.4
Poison Magic   | 1 |  1.6
Invocations    | 2 |  2.2
Evocations     | 1 |  1.6

Action                   |  1- 3 |  4- 6 || total
-------------------------+-------+-------++-------
Melee: Dagger            |   106 |   122 ||   228
       Kick              |     1 |       ||     1
Throw: Dart              |    10 |    14 ||    24
  Use: Potion            |       |     6 ||     6
       Scroll            |       |     1 ||     1
 Stab: Sleeping          |     5 |       ||     5
Armor: Robe              |    19 |       ||    19
       Chain mail        |    16 |    75 ||    91
Dodge: Dodged            |    43 |    33 ||    76
Block: Buckler           |     8 |    19 ||    27

Table legend: (Time is in decaauts)
 A = Elapsed time spent in this place.
 B = Non-inter-level travel time spent in this place.
 C = Inter-level travel time spent in this place.
 D = Time resting spent in this place.
 E = Time spent auto-exploring this place.
 F = Levels seen in this place.
 G = Mean time per level.
                   A        B        C        D        E       F      G
               +--------+--------+--------+--------+--------+-----+--------+
         Total |   4294 |   4133 |    161 |    313 |   3217 |   3 | 1431.3 |
       Dungeon |   4294 |   4133 |    161 |    313 |   3217 |   3 | 1431.3 |
               +--------+--------+--------+--------+--------+-----+--------+

Top non-repeatable levels by time:
     D:2: 2944 daAuts
     D:1: 1005 daAuts
     D:3: 344 daAuts
